 Dungeon Crawl Stone Soup version 0.31.0-11-ge490571c62 (webtiles) character file.

Game seed: 609532031873267131

380 inmateoo the Chopper (level 6, -2/82 HPs)
             Began as a Minotaur Fighter on Jan 26, 2024.
             Slain by Sigmund
             ... wielding a +0 scythe
              (3 damage)
             ... on level 4 of the Dungeon.
             The game lasted 00:02:01 (2126 turns).

inmateoo the Chopper (Minotaur Fighter)             Turns: 2126, Time: 00:02:02

Health: -2/82      AC: 23    Str: 23    XL:     6   Next: 46%
Magic:  5/5        EV:  2    Int:  5    God:
Gold:   161        SH:  5    Dex: 15    Spells: 5/5 levels left

rFire   . . .        a - +0 war axe
rCold   . . .        c - +0 buckler
rNeg    . . .        i - melded +4 scale mail of the Swamp {+Blink rCorr Int+4}
rPois   +            (helmet currently unavailable)
rElec   .            (cloak currently unavailable)
rCorr   .            (gloves currently unavailable)
SInv    .            (boots currently unavailable)
Will    .....        (no amulet)
Stlth   +            g - +6 ring of dexterity
HPRegen 0.33/turn    k - +4 ring of slaying
MPRegen 0.09/turn

%: no passive effects
@: tree-form
A: stationary, stasis, torment immunity, boosted hp, (horns 2), (retaliatory
headbutt)
a: no special abilities


You were on level 4 of the Dungeon.
You were a tree.
You visited 1 branch of the dungeon, and saw 4 of its levels.

You collected 161 gold pieces.

Inventory:

Hand Weapons
 a - a +0 war axe (weapon)
Armour
 c - a +0 buckler (worn)
 i - the +4 scale mail of the Swamp (melded) {+Blink rCorr Int+4}
   (You found it on level 2 of the Dungeon)

   Int+4:     It affects your intelligence (+4).
   +Blink:    It lets you blink.
   rCorr:     It protects you from acid and corrosion.
Jewellery
 g - a +6 ring of dexterity (left branch)
 k - a +4 ring of slaying (right branch)
 m - an amulet of guardian spirit
Scrolls
 e - a scroll of fog
 j - a scroll of vulnerability
 l - 2 scrolls of amnesia
 o - a scroll of identify
Potions
 b - a potion of ambrosia {unknown}
 d - a potion of might
 f - a potion of haste
 n - a potion of curing {unknown}


   Skills:
 + Level 4.8 Fighting
 * Level 5.2 Axes
 + Level 5.0 Armour
 + Level 2.5 Dodging
 + Level 4.8 Shields


You had 5 spell levels left.
You didn't know any spells.
Your spell library contained the following spells:

 Spells                   Type           Power      Damage    Failure   Level
 Freeze                   Ice            0%         1d3       54%         1
 Frozen Ramparts          Ice            0%         1d1       88%         3
 Hailstorm                Conj/Ice       0%         3d5       88%         3


Dungeon Overview and Level Annotations

Branches:
Dungeon (4/15)
 Temple: D:4-7

Altars:

Annotations:
D:4 Sigmund


Innate Abilities, Weirdness & Mutations

You are a tree.
Your roots penetrate the ground, keeping you stationary.
You cannot be teleported.
You are immune to unholy pain and torment.
Your maximum health is greatly increased.
Your equipment is partially melded.
((You have a pair of horns on your head.))
((You reflexively headbutt those who attack you in melee.))


Message History

You kill the hobgoblin!
You slash the hobgoblin!
You kill the hobgoblin!
You miss something. You hit the hobgoblin. Something hits you!
The hobgoblin barely misses you. You furiously retaliate!
You headbutt the hobgoblin, but do no damage.
The iguana bites you. You block the hobgoblin's attack.
You barely miss the hobgoblin.
The hobgoblin is moderately wounded.
You hit the iguana. You miss something. Something hits you.
The iguana misses you.
The hobgoblin hits you with a +0 scythe.
You are too injured to fight recklessly!
You are too injured to fight recklessly!
You closely miss the iguana.
The iguana is moderately wounded.
You closely miss something. You barely miss the hobgoblin.
The iguana bites you but does no damage.
The hobgoblin closely misses you. You furiously retaliate!
You headbutt the hobgoblin!
You kill the hobgoblin!
Something hits you.
You closely miss the iguana. You headbutt the iguana.
The iguana is heavily wounded.
You slash something! You block the iguana's attack. Something hits you!
* * * LOW HITPOINT WARNING * * *
The iguana bites you!
* * * LOW HITPOINT WARNING * * *
You turn into a tree.
The +4 scale mail of the Swamp {+Blink rCorr Int+4} melds into your body.
Your roots penetrate the ground.
The iguana hisses menacingly.
The iguana bites you.
* * * LOW HITPOINT WARNING * * *
You hear some strange, mumbled words.
Something tries to affect you, but you resist.
You slash something! You hit the iguana. The iguana bites you.
* * * LOW HITPOINT WARNING * * *
Something hits you.
You die...

.. #.# #### ..##...
#..$..# ... #.....#
.. #.....# ...
#..l))# #.#
#..{♣####### #.#
####)......###.######
#..................
#.........#........
#.........#.##†.†..
#.........#.##.####
#.........#.##.....
)..####......#######
... #...##########


You could see an iguana.

Vanquished Creatures
  A scorpion (D:4)
  A bombardier beetle (D:3)
  An orc priest (D:3)
  Natasha (thrice) (D:2)
  An orc wizard (D:3)
  3 gnolls (D:2)
  4 adders
  2 ribbon worms
  2 dart slugs
  3 orcs
  4 bats
  2 endoplasms (D:1)
  2 giant cockroaches (D:3)
  9 goblins
  14 hobgoblins
  2 jackals (D:1)
  A quokka (D:1)
  8 ball pythons
  3 frilled lizards
  8 kobolds
  7 rats
81 creatures vanquished.

Notes
Turn   | Place    | Note
-------+----------+-------------------------------------------
     0 | D:1      | inmateoo the Minotaur Fighter began the quest for the Orb.
     0 | D:1      | Reached XP level 1. HP: 19/19 MP: 0/0
   150 | D:1      | Reached XP level 2. HP: 27/27 MP: 1/1
   359 | D:1      | Found a faded altar of an unknown god.
   486 | D:2      | Reached skill level 1 in Dodging
   486 | D:2      | Reached XP level 3. HP: 31/33 MP: 2/2
   490 | D:2      | HP: 1/33 [kobold/+0 whip (3)]
   492 | D:2      | Reached XP level 4. HP: 2/40 MP: 3/3
   688 | D:2      | Identified the +4 scale mail of the Swamp {+Blink rCorr
                  | Int+4}
   782 | D:2      | Noticed Natasha
   803 | D:2      | Killed Natasha
   847 | D:2      | Noticed Natasha
   854 | D:2      | Killed Natasha
   924 | D:2      | Noticed Natasha
   930 | D:2      | Killed Natasha
   931 | D:2      | Reached XP level 5. HP: 47/47 MP: 4/4
  1300 | D:3      | Reached XP level 6. HP: 49/53 MP: 5/5
  1680 | D:3      | Found a glowing drain.
  1988 | D:4      | Reached skill level 5 in Axes
  2072 | D:4      | Reached skill level 5 in Armour
  2114 | D:4      | Noticed Sigmund
  2125 | D:4      | HP: 3/82 [iguana (4)]
  2126 | D:4      | HP: 1/82 [iguana (3)]
  2126 | D:4      | Slain by Sigmund

Illustrated notes

Levels and vault maps discovered:
D:1:      scummos_arrival_forest, layout_basic,
          hellmonk_ecumenical_altar_slurped_away
D:2:      layout_rooms, uniq_natasha
D:3:      layout_loops_corners, portal_sewer_entry_a
D:4:      layout_basic, kennysheep_slug_shrine, sigmund_army

Skill      XL: |  1  2  3  4  5  6 |
---------------+-------------------+-----
Axes           | 3 4 5 |  5.2
Armour         | 4 5 |  5.0
Fighting       | 4 |  4.8
Dodging        | 1 2 |  2.5
Shields        | 4 |  4.8

Action                     |  1- 3 |  4- 6 || total
---------------------------+-------+-------++-------
  Melee: War axe           |    39 |    98 ||   137
         Headbutt          |     7 |    15 ||    22
    Use: Scroll            |     5 |     6 ||    11
         Potion            |       |     1 ||     1
 Armour: Scale mail        |    34 |    68 ||   102
         Skin              |       |     3 ||     3
  Dodge: Dodged            |    18 |    42 ||    60
  Block: Buckler           |    11 |    29 ||    40
